 Dungeon Crawl Stone Soup version 0.31-a0-978-g1e143483b6 (webtiles) character file.

Game seed: 13101045387426001548

3002 p00ps00p the Cleaver (level 9, -2/82 HPs)
             Began as a Hill Orc Fighter on Oct 31, 2023.
             Was an Initiate of Gozag.
             Killed from afar by an efreet (33 damage)
             ... with a bolt of fire
             ... on level 8 of the Dungeon.
             The game lasted 00:22:28 (10935 turns).

p00ps00p the Cleaver (Hill Orc Fighter)            Turns: 10935, Time: 00:22:28

Health: -2/82      AC: 21    Str: 25    XL:     9   Next: 84%
Magic:  18/18      EV:  8    Int:  8    God:    Gozag
Gold:   421        SH:  6    Dex: 16    Spells: 8/8 levels left

rFire   . . .        K - +0 hand axe (venom)
rCold   . . .        c - +0 buckler
rNeg    . . .        j - +4 chain mail "Sauptica" {rPois Str+2 Dex+6}
rPois   +            r - +0 helmet
rElec   .            (no cloak)
rCorr   .            z - +2 pair of gloves
SInv    .            t - +0 pair of boots
Will    +....        m - amulet of magic regeneration Stlth
                     H - ring of willpower
HPRegen 0.33/turn    A - ring of magical power
MPRegen 0.56/turn

%: no passive effects
@: mighty
A: no striking features
a: Renounce Religion, Potion Petition, Call Merchant, Bribe Branch


You were on level 8 of the Dungeon.
You worshipped Gozag.
Gozag was aware of your devotion.
You visited 1 branch of the dungeon, and saw 8 of its levels.
You also visited: Sewer and Bailey.

You collected 1745 gold pieces.
You spent 735 gold pieces at shops.
You paid 589 gold pieces to Gozag.

Inventory:

Hand Weapons
 a - a +1 war axe
 y - the +4 flail of Nifelym {venom, *Slow rC+ Int+4 Dex+2}
   (You found it on level 4 of the Dungeon)

   Int+4:     It affects your intelligence (+4).
   Dex+2:     It affects your dexterity (+2).
   rC+:       It protects you from cold.
   *Slow:     It may slow you when you take damage.
 D - a +4 rapier of flaming
 K - a +0 hand axe of venom (weapon)
Missiles
 g - 3 throwing nets
 i - 56 poisoned darts
 o - 5 atropa-tipped darts (quivered)
Armour
 c - a +0 buckler (worn)
 j - the +4 chain mail "Sauptica" (worn) {rPois Str+2 Dex+6}
   (You bought it in a shop on level 7 of the Dungeon)

   Str+2:     It affects your strength (+2).
   Dex+6:     It affects your dexterity (+6).
   rPois:     It protects you from poison
 l - a +1 plate armour
 r - a +0 helmet (worn)
 t - a +0 pair of boots (worn)
 z - a +2 pair of gloves (worn)
Jewellery
 m - an amulet of magic regeneration (around neck)
 A - a ring of magical power (right hand)
 H - a ring of willpower (left hand)
Wands
 x - a wand of roots (3)
 C - a wand of flame (17)
 E - a wand of polymorph (8)
 J - a wand of mindburst (15)
Scrolls
 d - 4 scrolls of fog
 f - a scroll of vulnerability
 L - a scroll of blinking {unknown}
 M - a scroll of torment {unknown}
Potions
 b - 2 potions of haste
 e - 5 potions of mutation
 h - 3 potions of curing
 k - a potion of lignification {unknown}
 n - 2 potions of degeneration {unknown}
 p - 2 potions of enlightenment {unknown}
 q - a potion of ambrosia {unknown}
 s - a potion of magic {unknown}
 v - 2 potions of invisibility {unknown}
 w - 2 potions of berserk rage {unknown}
 B - 2 potions of brilliance {unknown}
 F - a potion of cancellation {unknown}
 I - a potion of resistance {unknown}


   Skills:
 + Level 8.8 Fighting
 + Level 9.1 Axes
 + Level 8.0 Armour
 + Level 8.0 Shields


You had 8 spell levels left.
You didn't know any spells.
Your spell library contained the following spells:

 Spells                   Type           Power      Damage    Failure   Level
 Summon Small Mammal      Summ           0%         N/A       92%         1
 Lesser Beckoning         Tloc           0%         N/A       98%         2
 Call Canine Familiar     Summ           0%         N/A       100%        3
 Dazzling Flash           Conj/Hex       0%         N/A       100%        3
 Gell's Gravitas          Tloc           0%         N/A       100%        3
 Summon Guardian Golem    Hex/Summ       0%         N/A       100%        3
 Teleport Other           Tloc           0%         N/A       100%        3
 Animate Armour           Summ/Erth      0%         N/A       100%        4
 Summon Lightning Spire   Summ/Air       0%         N/A       100%        4
 Agony                    Necr           0%         N/A       100%        5
 Lee's Rapid Deconstruct  Erth           0%         3d4*      100%        5
 Silence                  Hex/Air        0%         N/A       100%        5


Dungeon Overview and Level Annotations

Branches:
Dungeon (8/15)             Temple (0/1) D:7            Lair (0/5) D:8
  Sewer (visited)          Bailey (visited)

Altars:
Ashenzari
Cheibriados
Dithmenos
Fedhas
Gozag
Hepliaklqana
Kikubaaqudgha
Makhleb
Nemelex Xobeh
Okawaru
Sif Muna
Trog
Uskayaw
Wu Jian
Xom
Yredelemnul

Shops:
D:2 =   D:7 [

Annotations:
D:4 2 runed translucent doors, SirDiesAlot's ghost, novice DsAE
D:8 3 runed translucent doors, ojifijod's ghost, novice MiGl


Message History

You hit the green ugly thing.
The green ugly thing is moderately wounded.
You closely miss the green ugly thing.
The green ugly thing is moderately wounded.
Unknown command.
You hit the green ugly thing.
The green ugly thing is heavily wounded.
You hit the brown ugly thing but do no damage.
The brown ugly thing is poisoned.
The brown ugly thing pecks you!
You are splashed with acid!
The green ugly thing barely misses you.
Unknown command.
You completely miss the green ugly thing.
The green ugly thing is heavily wounded.
You hit the brown ugly thing but do no damage.
The brown ugly thing looks as sick as possible!
The brown ugly thing pecks you but does no damage.
The green ugly thing barely misses you.
Unknown command.
As you read the scroll of teleportation, it crumbles to dust.
You feel strangely unstable.
The brown ugly thing pecks you but does no damage.
The green ugly thing tentacle-slaps you.
The brown ugly thing attacks as it pursues you!
You block the brown ugly thing's attack.
Your surroundings suddenly seem different.
Unknown command.
You feel very mighty all of a sudden.
Aiming: Mindburst
Press: ? - help, Q - select action, (/) - cycle Shift-Dir - straight line, f - efreet
Aim: an efreet, wielding a +1 scimitar of flaming (chance to affect: 64%)
The efreet's mind is blasted!!
Aiming: Mindburst
Press: ? - help, Q - select action, (/) - cycle Shift-Dir - straight line, f/p - efreet
Aim: an efreet, wielding a +1 scimitar of flaming (heavily wounded, chance to affect: 64%)
The efreet's mind is blasted!!
You are no longer corroded.
The efreet gestures at you. The bolt of fire hits you!!
You die...
Your body crumbles into a pile of gold.

.'...................#
##...#..........#...##
....##..........##..##
.....................#
.............○.......#
.........####○.......#
........## ##○.....##
##....^.# #.R...##
##.....# #..@...##
##......# ##.......#
.........####........#
.... ............#
#... ............# #
.......##..## #
.......#..## ##
.........## .####
.#......#


You could see an efreet.

Vanquished Creatures
  Jeremiah (D:6)
  A wyvern (D:8)
  Eustachio (D:6)
  A steam dragon (D:7)
  3 orc warriors (Bailey)
  2 black bears
  A sky beast (D:6)
  An ice beast (D:6)
  A centaur (D:8)
  2 kobold brigands (Sewer)
  The ghost of osoart the Ruffian, an amateur VSSh (D:3)
  3 bullfrogs
  A scorpion (D:5)
  4 killer bees (D:8)
  7 hounds
  2 orc priests
  A sleepcap (D:8)
  A gnoll bouda (D:5)
  An iguana (D:6)
  Jessica (D:2)
  2 orc wizards (D:8)
  The ghost of emrufus the Gusty, a weakling TeAE (D:3)
  Robin (D:3)
  15 gnolls
  8 adders
  3 white imps
  6 ufetubi
  2 worms (D:4)
  4 dart slugs
  31 orcs
  6 bats
  7 endoplasms
  5 giant cockroaches
  30 goblins
  12 hobgoblins
  6 jackals
  7 quokkas
  4 ball pythons
  4 frilled lizards
  22 kobolds
  10 rats
222 creatures vanquished.

Vanquished Creatures (collateral kills)
  An orc (Bailey)
1 creature vanquished.

Vanquished Creatures (others)
  The ghost of zenocrate the Sneak, an amateur VSEn (D:3)
1 creature vanquished.

Grand Total: 224 creatures vanquished

Notes
Turn   | Place    | Note
-------+----------+-------------------------------------------
     0 | D:1      | p00ps00p the Hill Orc Fighter began the quest for the Orb.
     0 | D:1      | Reached XP level 1. HP: 19/19 MP: 1/1
   117 | D:1      | Reached skill level 3 in Axes
   117 | D:1      | Reached XP level 2. HP: 19/27 MP: 2/2
   973 | D:2      | Reached XP level 3. HP: 33/33 MP: 3/3
  1072 | D:2      | Noticed Jessica
  1081 | D:2      | Killed Jessica
  1082 | D:2      | Reached XP level 4. HP: 25/41 MP: 4/4
  1111 | D:2      | Reached XP level 5. HP: 33/47 MP: 5/5
  1112 | D:2      | Reached skill level 4 in Axes
  1692 | D:2      | Found Qogratzy's Jewellery Emporium.
  1863 | D:3      | Found a faded altar of an unknown god.
  1899 | D:3      | Noticed Robin
  1918 | D:3      | Killed Robin
  2302 | D:3      | Reached skill level 5 in Fighting
  2308 | D:3      | Reached XP level 6. HP: 35/56 MP: 6/6
  2524 | D:3      | Found a hazy altar of Hepliaklqana.
  2636 | D:3      | Found a runed translucent gate.
  2636 | D:3      | Found a runed translucent gate.
  2637 | D:3      | Found a runed translucent gate.
  2640 | D:3      | Noticed zenocrate's ghost (amateur VSEn)
  2640 | D:3      | Noticed emrufus's ghost (weakling TeAE)
  2640 | D:3      | Noticed osoart's ghost (amateur VSSh)
  3072 | D:4      | Found a broken altar of Ashenzari.
  3257 | D:4      | Found a glowing drain.
  3266 | Sewer    | Entered a sewer
  3302 | Sewer    | Reached skill level 5 in Axes
  3684 | Sewer    | Reached skill level 5 in Armour
  3746 | Sewer    | Reached skill level 5 in Shields
  3746 | Sewer    | Reached XP level 7. HP: 56/61 MP: 7/7
  3901 | D:4      | Found a runed translucent door.
  3902 | D:4      | Noticed SirDiesAlot's ghost (novice DsAE)
  3989 | D:4      | Found a runed translucent door.
  4018 | D:4      | Found a hide-covered altar of Uskayaw.
  4129 | D:4      | Identified the +4 flail of Nifelym {venom, *Slow rC+ Int+4
                  | Dex+2}
  4727 | D:3      | Killed zenocrate's ghost
  4731 | D:3      | Killed emrufus's ghost
  4741 | D:3      | Killed osoart's ghost
  5476 | D:5      | Entered Level 5 of the Dungeon
  5609 | D:5      | Reached skill level 6 in Axes
  5689 | D:5      | Reached XP level 8. HP: 55/71 MP: 8/8
  5795 | D:5      | Found a snail-covered altar of Cheibriados.
  6162 | D:6      | Found a basalt altar of Yredelemnul.
  6355 | D:6      | Found an opulent altar of Gozag.
  6355 | D:6      | Found a shadowy altar of Dithmenos.
  6364 | D:6      | Became a worshipper of Gozag Ym Sagoz the Greedy
  6420 | D:6      | Noticed Jeremiah
  6433 | D:6      | Killed Jeremiah
  6434 | D:6      | Reached skill level 7 in Axes
  7008 | D:6      | Noticed Eustachio
  7069 | D:6      | Killed Eustachio
  7630 | D:7      | Found a bloodstained altar of Trog.
  7704 | D:7      | Reached XP level 9. HP: 64/79 MP: 9/9
  7726 | D:7      | Found a flagged portal.
  7787 | Bailey   | Entered a bailey
  7807 | Bailey   | Noticed an orc warlord
  8009 | Bailey   | Reached skill level 8 in Axes
  8043 | Bailey   | Found a runed translucent gate.
  8046 | Bailey   | Found a runed translucent gate.
  8111 | Bailey   | Found a runed translucent gate.
  8875 | Bailey   | Acquired 670 gold pieces
  8887 | D:7      | Bought the +4 chain mail "Sauptica" {rPois Str+2 Dex+6} for
                  | 735 gold pieces
  9008 | D:7      | Found a burning altar of Makhleb.
  9187 | D:7      | Found an ancient bone altar of Kikubaaqudgha.
  9279 | D:7      | Found a staircase to the Ecumenical Temple.
 10065 | D:8      | Found a shimmering blue altar of Sif Muna.
 10274 | D:8      | Found a runed translucent gate.
 10274 | D:8      | Found a runed translucent gate.
 10280 | D:8      | Found an ornate altar of the Wu Jian Council.
 10281 | D:8      | Found a blossoming altar of Fedhas.
 10289 | D:8      | Found a runed translucent gate.
 10289 | D:8      | Noticed a kobold demonologist
 10289 | D:8      | Noticed ojifijod's ghost (novice MiGl)
 10340 | D:8      | Found an iron altar of Okawaru.
 10467 | D:8      | Found a sparkling altar of Nemelex Xobeh.
 10492 | D:8      | Reached skill level 9 in Axes
 10594 | D:8      | Found a staircase to the Lair.
 10618 | D:8      | Found a shimmering altar of Xom.
 10679 | D:8      | Noticed an efreet
 10681 | D:8      | Noticed a boulder beetle
 10683 | D:8      | Noticed a white ugly thing
 10897 | D:8      | Noticed a brown ugly thing
 10935 | D:8      | Killed from afar by an efreet

Illustrated notes

Levels and vault maps discovered:
D:1:      minmay_arrival_nine_rooms, layout_loops_ring, minmay_ruptured
D:2:      cheibrodos_greedy_goblins, layout_basic, serial_shops,
          nicolae_shop_tiny_real_fake_doors, uniq_jessica
D:3:      layout_loops_ring, general_overflow_altar, gammafunk_ghost_cemetery,
          nicolae_ecumenical_lake_church, serial_bayou_lagoon_a, hex_tiny,
          uniq_robin
D:4:      layout_basic, evilmike_ruin_ashenzari, kennysheep_little_box,
          portal_sewer_entry_d, ebering_ghost_sewer_f
D:5:      layout_basic, amcnicky_altar_gilded
D:6:      layout_basic, grunt_temple_overflow_open,
          mainiacjoe_overflow_alcove_4, uniq_eustachio, uniq_jeremiah
D:7:      layout_loops_ring, makhleb_blood_cavern_becter,
          nicolae_overflow_crystal_walls, lemuel_round_altar,
          minmay_temple_entry_antechambers, enter_bailey_3,
          chequers_serial_rivers_room_a, serial_park_tiny_2
D:8:      minmay_blocky_corners, layout_basic, kennysheep_okawaru_gauntlet,
          mainiacjoe_overflow_paths, old_standard_altar,
          mainiacjoe_overflow_divided_tiny, old_standard_altar,
          lair_entry_dummy, gammafunk_ghost_nasty_kobolds,
          kennysheep_decorative_pillar

Skill      XL: |  1  2  3  4  5  6  7  8  9 |
---------------+----------------------------+-----
Axes           | 3 4 5 6 7 9 |  9.1
Fighting       | 4 5 6 7 8 |  8.8
Armour         | 4 5 6 8 |  8.0
Shields        | 4 5 6 8 |  8.0

Action                     |  1- 3 |  4- 6 |  7- 9 || total
---------------------------+-------+-------+-------++-------
  Melee: War axe           |    66 |   222 |   323 ||   611
         Flail             |       |       |    57 ||    57
         Hand axe          |       |       |    40 ||    40
  Throw: Dart              |       |     1 |       ||     1
 Invoke: Call Merchant     |       |       |     1 ||     1
  Evoke: Wand              |       |       |    12 ||    12
    Use: Scroll            |     2 |     6 |    16 ||    24
         Potion            |       |     3 |     7 ||    10
 Armour: Scale mail        |    32 |       |       ||    32
         Plate armour      |    13 |   287 |   443 ||   743
         Chain mail        |       |       |   100 ||   100
  Dodge: Dodged            |    38 |    75 |   152 ||   265
  Block: Buckler           |    17 |    58 |   154 ||   229

Table legend: (Time is in decaauts)
 A = Elapsed time spent in this place.
 B = Non-inter-level travel time spent in this place.
 C = Inter-level travel time spent in this place.
 D = Time resting spent in this place.
 E = Time spent auto-exploring this place.
 F = Levels seen in this place.
 G = Mean time per level.
                   A        B        C        D        E       F      G
               +--------+--------+--------+--------+--------+-----+--------+
         Total |  11113 |  10754 |    359 |   2953 |   5551 |  10 | 1111.3 |
       Dungeon |   9379 |   9020 |    359 |   2069 |   5171 |   8 | 1172.4 |
         Sewer |    642 |    642 |      0 |    253 |    206 |   1 |  642.0 |
        Bailey |   1090 |   1090 |      0 |    631 |    172 |   1 | 1090.0 |
               +--------+--------+--------+--------+--------+-----+--------+

Top non-repeatable levels by time:
     D:3: 2048 daAuts
     D:6: 1469 daAuts
     D:7: 1377 daAuts
     D:4: 1184 daAuts
  Bailey: 1090 daAuts
     D:1: 953 daAuts
     D:8: 876 daAuts
     D:2: 793 daAuts
     D:5: 676 daAuts
   Sewer: 642 daAuts
